Workbook

Sheet Assumptions
A1: Assumption | B1: Value | C1: Notes
A2: Series A raise | B2: 12000000 | C2: Target round size
A3: Pre-money valuation | B3: 48000000 | C3: Draft term sheet
A4: Starting booked ARR | B4: 1860000 | C4: June 2026 KPI export
A5: Starting cash | B5: 1320000 | C5: Cash at 6/30/2026
A6: Starting net burn | B6: 360000 | C6: June 2026 actual
A7: Gross margin 2026 | B7: 0.74 | C7: Includes hosting and support
A8: Gross margin 2027 | B8: 0.78 | C8: Assumes infra optimization
A9: Gross margin 2028 | B9: 0.81 | C9: Long-term target
A10: Monthly new logo ARR Q3 2026 | B10: 150000 | C10: Base case
A11: Monthly new logo ARR Q4 2026 | B11: 220000 | C11: Base case
A12: Monthly new logo ARR 2027 | B12: 360000 | C12: Annualized average
A13: Monthly new logo ARR 2028 | B13: 520000 | C13: Annualized average

Sheet Monthly_Model
A1: Month | B1: Opening Cash | C1: New Cash Raised | D1: Booked ARR | E1: New Logo ARR | F1: Expansion ARR | G1: Churn ARR | H1: Revenue | I1: Gross Margin % | J1: Gross Profit | K1: Operating Expense | L1: Net Burn | M1: Ending Cash
A2: 2026-07 | B2: =Assumptions!B5 | C2: =Assumptions!B2 | D2: =Assumptions!B4 | E2: =Assumptions!B10 | F2: =D2*0.012 | G2: =D2*0.004 | H2: =D2/12 | I2: =Assumptions!B7 | J2: =H2*I2 | K2: =520000+(ROW()-2)*45000 | L2: =K2-J2 | M2: =B2+C2-L2
A3: 2026-08 | B3: =M2 | C3: 0 | D3: =D2+E3+F3-G3 | E3: =Assumptions!B10 | F3: =D3*0.012 | G3: =D3*0.004 | H3: =D3/12 | I3: =Assumptions!B7 | J3: =H3*I3 | K3: =520000+(ROW()-2)*45000 | L3: =K3-J3 | M3: =B3+C3-L3
A4: 2026-09 | B4: =M3 | C4: 0 | D4: =D3+E4+F4-G4 | E4: =Assumptions!B10 | F4: =D4*0.012 | G4: =D4*0.004 | H4: =D4/12 | I4: =Assumptions!B7 | J4: =H4*I4 | K4: =520000+(ROW()-2)*45000 | L4: =K4-J4 | M4: =B4+C4-L4
A5: 2026-10 | B5: =M4 | C5: 0 | D5: =D4+E5+F5-G5 | E5: =Assumptions!B11 | F5: =D5*0.012 | G5: =D5*0.004 | H5: =D5/12 | I5: =Assumptions!B7 | J5: =H5*I5 | K5: =520000+(ROW()-2)*45000 | L5: =K5-J5 | M5: =B5+C5-L5
A6: 2026-11 | B6: =M5 | C6: 0 | D6: =D5+E6+F6-G6 | E6: =Assumptions!B11 | F6: =D6*0.012 | G6: =D6*0.004 | H6: =D6/12 | I6: =Assumptions!B7 | J6: =H6*I6 | K6: =520000+(ROW()-2)*45000 | L6: =K6-J6 | M6: =B6+C6-L6
A7: 2026-12 | B7: =M6 | C7: 0 | D7: =D6+E7+F7-G7 | E7: =Assumptions!B11 | F7: =D7*0.012 | G7: =D7*0.004 | H7: =D7/12 | I7: =Assumptions!B7 | J7: =H7*I7 | K7: =520000+(ROW()-2)*45000 | L7: =K7-J7 | M7: =B7+C7-L7
A8: 2027-01 | B8: =M7 | C8: 0 | D8: =D7+E8+F8-G8 | E8: =Assumptions!B12 | F8: =D8*0.012 | G8: =D8*0.004 | H8: =D8/12 | I8: =Assumptions!B8 | J8: =H8*I8 | K8: =520000+(ROW()-2)*45000 | L8: =K8-J8 | M8: =B8+C8-L8
A9: 2027-02 | B9: =M8 | C9: 0 | D9: =D8+E9+F9-G9 | E9: =Assumptions!B12 | F9: =D9*0.012 | G9: =D9*0.004 | H9: =D9/12 | I9: =Assumptions!B8 | J9: =H9*I9 | K9: =520000+(ROW()-2)*45000 | L9: =K9-J9 | M9: =B9+C9-L9
A10: 2027-03 | B10: =M9 | C10: 0 | D10: =D9+E10+F10-G10 | E10: =Assumptions!B12 | F10: =D10*0.012 | G10: =D10*0.004 | H10: =D10/12 | I10: =Assumptions!B8 | J10: =H10*I10 | K10: =520000+(ROW()-2)*45000 | L10: =K10-J10 | M10: =B10+C10-L10
A11: 2027-04 | B11: =M10 | C11: 0 | D11: =D10+E11+F11-G11 | E11: =Assumptions!B12 | F11: =D11*0.012 | G11: =D11*0.004 | H11: =D11/12 | I11: =Assumptions!B8 | J11: =H11*I11 | K11: =520000+(ROW()-2)*45000 | L11: =K11-J11 | M11: =B11+C11-L11
A12: 2027-05 | B12: =M11 | C12: 0 | D12: =D11+E12+F12-G12 | E12: =Assumptions!B12 | F12: =D12*0.012 | G12: =D12*0.004 | H12: =D12/12 | I12: =Assumptions!B8 | J12: =H12*I12 | K12: =520000+(ROW()-2)*45000 | L12: =K12-J12 | M12: =B12+C12-L12
A13: 2027-06 | B13: =M12 | C13: 0 | D13: =D12+E13+F13-G13 | E13: =Assumptions!B12 | F13: =D13*0.012 | G13: =D13*0.004 | H13: =D13/12 | I13: =Assumptions!B8 | J13: =H13*I13 | K13: =520000+(ROW()-2)*45000 | L13: =K13-J13 | M13: =B13+C13-L13
A14: 2027-07 | B14: =M13 | C14: 0 | D14: =D13+E14+F14-G14 | E14: =Assumptions!B12 | F14: =D14*0.012 | G14: =D14*0.004 | H14: =D14/12 | I14: =Assumptions!B8 | J14: =H14*I14 | K14: =520000+(ROW()-2)*45000 | L14: =K14-J14 | M14: =B14+C14-L14
A15: 2027-08 | B15: =M14 | C15: 0 | D15: =D14+E15+F15-G15 | E15: =Assumptions!B12 | F15: =D15*0.012 | G15: =D15*0.004 | H15: =D15/12 | I15: =Assumptions!B8 | J15: =H15*I15 | K15: =520000+(ROW()-2)*45000 | L15: =K15-J15 | M15: =B15+C15-L15
A16: 2027-09 | B16: =M15 | C16: 0 | D16: =D15+E16+F16-G16 | E16: =Assumptions!B12 | F16: =D16*0.012 | G16: =D16*0.004 | H16: =D16/12 | I16: =Assumptions!B8 | J16: =H16*I16 | K16: =520000+(ROW()-2)*45000 | L16: =K16-J16 | M16: =B16+C16-L16
A17: 2027-10 | B17: =M16 | C17: 0 | D17: =D16+E17+F17-G17 | E17: =Assumptions!B12 | F17: =D17*0.012 | G17: =D17*0.004 | H17: =D17/12 | I17: =Assumptions!B8 | J17: =H17*I17 | K17: =520000+(ROW()-2)*45000 | L17: =K17-J17 | M17: =B17+C17-L17
A18: 2027-11 | B18: =M17 | C18: 0 | D18: =D17+E18+F18-G18 | E18: =Assumptions!B12 | F18: =D18*0.012 | G18: =D18*0.004 | H18: =D18/12 | I18: =Assumptions!B8 | J18: =H18*I18 | K18: =520000+(ROW()-2)*45000 | L18: =K18-J18 | M18: =B18+C18-L18
A19: 2027-12 | B19: =M18 | C19: 0 | D19: =D18+E19+F19-G19 | E19: =Assumptions!B12 | F19: =D19*0.012 | G19: =D19*0.004 | H19: =D19/12 | I19: =Assumptions!B8 | J19: =H19*I19 | K19: =520000+(ROW()-2)*45000 | L19: =K19-J19 | M19: =B19+C19-L19
A20: 2028-01 | B20: =M19 | C20: 0 | D20: =D19+E20+F20-G20 | E20: =Assumptions!B13 | F20: =D20*0.012 | G20: =D20*0.004 | H20: =D20/12 | I20: =Assumptions!B9 | J20: =H20*I20 | K20: =520000+(ROW()-2)*45000 | L20: =K20-J20 | M20: =B20+C20-L20
A21: 2028-02 | B21: =M20 | C21: 0 | D21: =D20+E21+F21-G21 | E21: =Assumptions!B13 | F21: =D21*0.012 | G21: =D21*0.004 | H21: =D21/12 | I21: =Assumptions!B9 | J21: =H21*I21 | K21: =520000+(ROW()-2)*45000 | L21: =K21-J21 | M21: =B21+C21-L21
A22: 2028-03 | B22: =M21 | C22: 0 | D22: =D21+E22+F22-G22 | E22: =Assumptions!B13 | F22: =D22*0.012 | G22: =D22*0.004 | H22: =D22/12 | I22: =Assumptions!B9 | J22: =H22*I22 | K22: =520000+(ROW()-2)*45000 | L22: =K22-J22 | M22: =B22+C22-L22
A23: 2028-04 | B23: =M22 | C23: 0 | D23: =D22+E23+F23-G23 | E23: =Assumptions!B13 | F23: =D23*0.012 | G23: =D23*0.004 | H23: =D23/12 | I23: =Assumptions!B9 | J23: =H23*I23 | K23: =520000+(ROW()-2)*45000 | L23: =K23-J23 | M23: =B23+C23-L23
A24: 2028-05 | B24: =M23 | C24: 0 | D24: =D23+E24+F24-G24 | E24: =Assumptions!B13 | F24: =D24*0.012 | G24: =D24*0.004 | H24: =D24/12 | I24: =Assumptions!B9 | J24: =H24*I24 | K24: =520000+(ROW()-2)*45000 | L24: =K24-J24 | M24: =B24+C24-L24
A25: 2028-06 | B25: =M24 | C25: 0 | D25: =D24+E25+F25-G25 | E25: =Assumptions!B13 | F25: =D25*0.012 | G25: =D25*0.004 | H25: =D25/12 | I25: =Assumptions!B9 | J25: =H25*I25 | K25: =520000+(ROW()-2)*45000 | L25: =K25-J25 | M25: =B25+C25-L25
A26: 2028-07 | B26: =M25 | C26: 0 | D26: =D25+E26+F26-G26 | E26: =Assumptions!B13 | F26: =D26*0.012 | G26: =D26*0.004 | H26: =D26/12 | I26: =Assumptions!B9 | J26: =H26*I26 | K26: =520000+(ROW()-2)*45000 | L26: =K26-J26 | M26: =B26+C26-L26
A27: 2028-08 | B27: =M26 | C27: 0 | D27: =D26+E27+F27-G27 | E27: =Assumptions!B13 | F27: =D27*0.012 | G27: =D27*0.004 | H27: =D27/12 | I27: =Assumptions!B9 | J27: =H27*I27 | K27: =520000+(ROW()-2)*45000 | L27: =K27-J27 | M27: =B27+C27-L27
A28: 2028-09 | B28: =M27 | C28: 0 | D28: =D27+E28+F28-G28 | E28: =Assumptions!B13 | F28: =D28*0.012 | G28: =D28*0.004 | H28: =D28/12 | I28: =Assumptions!B9 | J28: =H28*I28 | K28: =520000+(ROW()-2)*45000 | L28: =K28-J28 | M28: =B28+C28-L28
A29: 2028-10 | B29: =M28 | C29: 0 | D29: =D28+E29+F29-G29 | E29: =Assumptions!B13 | F29: =D29*0.012 | G29: =D29*0.004 | H29: =D29/12 | I29: =Assumptions!B9 | J29: =H29*I29 | K29: =520000+(ROW()-2)*45000 | L29: =K29-J29 | M29: =B29+C29-L29
A30: 2028-11 | B30: =M29 | C30: 0 | D30: =D29+E30+F30-G30 | E30: =Assumptions!B13 | F30: =D30*0.012 | G30: =D30*0.004 | H30: =D30/12 | I30: =Assumptions!B9 | J30: =H30*I30 | K30: =520000+(ROW()-2)*45000 | L30: =K30-J30 | M30: =B30+C30-L30
A31: 2028-12 | B31: =M30 | C31: 0 | D31: =D30+E31+F31-G31 | E31: =Assumptions!B13 | F31: =D31*0.012 | G31: =D31*0.004 | H31: =D31/12 | I31: =Assumptions!B9 | J31: =H31*I31 | K31: =520000+(ROW()-2)*45000 | L31: =K31-J31 | M31: =B31+C31-L31

Sheet Annual_Summary
A1: Year | B1: Ending ARR | C1: Revenue | D1: Gross Profit | E1: Operating Expense | F1: Net Burn | G1: Ending Cash
A2: 2026 | B2: =Monthly_Model!D7 | C2: =SUM(Monthly_Model!H2:H7) | D2: =SUM(Monthly_Model!J2:J7) | E2: =SUM(Monthly_Model!K2:K7) | F2: =SUM(Monthly_Model!L2:L7) | G2: =Monthly_Model!M7
A3: 2027 | B3: =Monthly_Model!D19 | C3: =SUM(Monthly_Model!H8:H19) | D3: =SUM(Monthly_Model!J8:J19) | E3: =SUM(Monthly_Model!K8:K19) | F3: =SUM(Monthly_Model!L8:L19) | G3: =Monthly_Model!M19
A4: 2028 | B4: =Monthly_Model!D31 | C4: =SUM(Monthly_Model!H20:H31) | D4: =SUM(Monthly_Model!J20:J31) | E4: =SUM(Monthly_Model!K20:K31) | F4: =SUM(Monthly_Model!L20:L31) | G4: =Monthly_Model!M31

Sheet Customer_Cohorts
A1: Cohort | B1: Starting ARR | C1: Expansion ARR | D1: Churned ARR | E1: Ending ARR | F1: Net Dollar Retention
A2: 2024 | B2: 420000 | C2: 160000 | D2: 0 | E2: =B2+C2-D2 | F2: =E2/B2
A3: 2025 | B3: 780000 | C3: 220000 | D3: 0 | E3: =B3+C3-D3 | F3: =E3/B3
A4: 2026 H1 | B4: 660000 | C4: 44000 | D4: 0 | E4: =B4+C4-D4 | F4: =E4/B4

Sheet Hiring_Plan
A1: Function | B1: Current FTE | C1: Series A Additions | D1: Target FTE Dec 2027 | E1: Notes
A2: Engineering | B2: 9 | C2: 10 | D2: 19 | E2: Connector SDK, workflow studio, reliability
A3: Implementation | B3: 4 | C3: 8 | D3: 12 | E3: Four implementation pods
A4: Sales | B4: 3 | C4: 7 | D4: 10 | E4: VP Sales plus AEs
A5: Customer Success | B5: 2 | C5: 5 | D5: 7 | E5: Expansion and onboarding
A6: G&A | B6: 2 | C6: 3 | D6: 5 | E6: Finance, people, legal

Sheet Sources
A1: Source | B1: Sheet/Document | C1: Notes
A2: Starting ARR | B2: KPI Export | C2: June booked ARR is $1.86M, rounded to $1.9M in deck.
A3: Raise amount | B3: Draft Term Sheet | C3: Assumes $12M Series A.
A4: Gross margin | B4: Investor Memo | C4: 74% current, improving with scale.
A5: Burn | B5: Board Minutes | C5: June burn and runway discussed.
